 Dungeon Crawl Stone Soup version 0.28.0-47-ge53b351184 (webtiles) character file.

Game seed: 206964726432467106

2191 cman10800 the Grappler (level 9, -6/84 HPs)
             Began as a Troll Berserker on May 5, 2022.
             Was a Priest of Trog.
             Killed from afar by an acid dragon (22 damage)
             ... with a splash of acid
             ... on level 6 of the Dungeon.
             The game lasted 00:10:02 (4277 turns).

cman10800 the Grappler (Troll Berserker)            Turns: 4277, Time: 00:10:03

Health: -6/84      AC:  1    Str: 43    XL:     9   Next: 12%
Magic:  8/8        EV: 11    Int:  3    God:    Trog [***...]
Gold:   69         SH:  0    Dex:  9    Spells: 8/8 levels left

rFire   . . .      SeeInvis .     - Unarmed
rCold   . . .      Faith    .   (no shield)
rNeg    . . .      Spirit   .   a - +1 animal skin
rPois   .          Reflect  .   (helmet restricted)
rElec   .          Harm     .   (no cloak)
rCorr   .          Rampage  .   (gloves unavailable)
Will    ++...                   (boots unavailable)
Stlth   ++........              (no amulet)
HPRegen 2.04/turn               d - +6 ring of strength
MPRegen 0.11/turn               e - +6 ring of strength

@: strong-willed, corroded, regenerating, slowed, very slow
A: large, unfitting armour, claws 3, regeneration 1, shaggy fur 1, tough skin 1,
antennae 1
a: Renounce Religion, Berserk, Trog's Hand


You were on level 6 of the Dungeon.
You worshipped Trog.
Trog was most pleased with you.
You visited 1 branch of the dungeon, and saw 6 of its levels.

You collected 139 gold pieces.
You spent 70 gold pieces at shops.

Inventory:

Armour
 a - a +1 animal skin (worn)
Jewellery
 d - a +6 ring of strength (left claw)
 e - a +6 ring of strength (right claw)
 f - a ring of willpower
 i - a +4 ring of protection
 k - a ring of resist corrosion
 n - a ring of positive energy
Wands
 g - a wand of digging (6)
Scrolls
 b - a scroll of identify
 m - a scroll of teleportation
Potions
 c - a potion of curing
 h - a potion of berserk rage {unknown}
 j - a potion of flight {unknown}
 l - a potion of ambrosia


   Skills:
 + Level 4.1 Fighting
 + Level 5.2 Dodging
 + Level 1.7 Stealth
 + Level 9.9 Unarmed Combat


You had 8 spell levels left.
You didn't know any spells.
Your spell library was empty.

Dungeon Overview and Level Annotations

Branches:
Dungeon (6/15)
 Temple: D:4-7

Altars:
Nemelex Xobeh
Ru
Wu Jian

Shops:
D:6 **!**


Innate Abilities, Weirdness & Mutations

You are too large for most types of armour.
You have claws for hands.
Your natural rate of healing is unusually fast.
You are covered in fur. (AC +1)
You have tough skin. (AC +1)
You have a pair of small antennae on your head.


Message History

There is an open door here.
As you open the large door, it creaks loudly!
You hear a roar!
There is a large open door here.
A wraith and an acid dragon come into view.
An electric eel comes into view.
The wraith barely misses you.
You mangle the wraith!!
The wraith is heavily damaged.
The acid dragon bites you but does no damage.
The acid dragon barely misses you.
You scratch the wraith.
The wraith is severely damaged.
The wraith barely misses you. The acid dragon spits acid at you.
The splash of acid hits you! The acid corrodes you!
You barely miss the wraith. Your claw misses the wraith.
The wraith is severely damaged.
The wraith hits you! The wraith drains your vigour!
You feel yourself slow down. The acid dragon bites you.
The acid dragon claws you.
You completely miss the wraith. Your claw misses the wraith.
The wraith is severely damaged.
The wraith misses you. The acid dragon closely misses you. x2
The wraith hits you! The acid dragon bites you.
The acid dragon barely misses you.
You scratch the wraith but do no damage.
The wraith is severely damaged.
The wraith hits you. The acid dragon bites you!
The acid dragon claws you but does no damage.
The wraith hits you. The wraith drains your vigour!
You feel as though you will be slow longer.
The electric eel shoots out a bolt of lightning at you!
The bolt of electricity hits you!
* * * LOW HITPOINT WARNING * * *
Your skin crawls.
You feel strong-willed. The acid dragon spits acid at you.
The splash of acid hits you!!
You die...

#.#.##.#.......# ...
#...##.)########≈≈≈≈≈≈≈
### #.##..######
##≈≈≈≈≈≈≈≈
#.##>.##...###≈≈≈≈≈≈≈≈≈
####'..##.....##≈≈≈≈≈≈≈≈≈≈
#....#.##[#...#≈≈≈≈≈≈≈≈≈≈≈
#.......'.....#≈≈≈≈≈≈≈≈≈≈≈
#.......#.....#≈≈≈≈≈≈≈....
#.......#.....'.@W.....♣
#.......#.....'..D.....♣
#.......#######≈≈S≈≈≈≈....
#######.# #≈≈≈≈≈≈≈≈≈≈≈ #.#
#≈≈≈≈≈≈≈≈≈≈≈ #.#
##≈≈≈≈≈≈≈≈≈≈ #.##
##≈≈≈≈≈≈≈≈≈ ## #..#
##≈≈≈≈≈≈≈≈ #. ##.# #.


You could see a wraith, an acid dragon (catching breath) and an electric eel.

Vanquished Creatures
  Pikel (D:4)
  Sigmund (D:4)
  A water moccasin (D:5)
  Duvessa (D:4)
  An orc warrior (D:6)
  A necrophage (D:4)
  5 ogres
  A lemure (D:4)
  A kobold brigand (D:6)
  Dowan (D:4)
  A water moccasin skeleton (D:4)
  3 killer bees (D:5)
  A howler monkey (D:6)
  A centaur zombie (D:6)
  A bullfrog zombie (D:5)
  2 jellies (D:5)
  An orc priest (D:6)
  An iguana (D:6)
  Natasha (twice) (D:4)
  3 orc wizards
  4 gnolls (D:4)
  A white imp (D:5)
  2 ufetubi
  2 worms
  3 dart slugs
  14 orcs
  6 endoplasms
  A giant cockroach (D:1)
  5 goblins
  2 hobgoblins (D:2)
  4 jackals (D:1)
  6 kobolds
  3 quokkas
  4 ball pythons
  5 bats
  A frilled lizard (D:1)
93 creatures vanquished.

Notes
Turn   | Place    | Note
-------+----------+-------------------------------------------
     0 | D:1      | cman10800 the Troll Berserker began the quest for the Orb.
     0 | D:1      | Reached XP level 1. HP: 22/22 MP: 0/0
   242 | D:1      | Reached XP level 2. HP: 29/29 MP: 1/1
   307 | D:1      | Found a faded altar of an unknown god.
   662 | D:1      | Found a sacrificial altar of Ru.
   889 | D:2      | Found a sacrificial altar of Ru.
   968 | D:2      | Reached XP level 3. HP: 36/36 MP: 2/2
  1059 | D:2      | Reached ** piety under Trog
  1592 | D:3      | Found a sparkling altar of Nemelex Xobeh.
  1641 | D:4      | Reached skill level 4 in Unarmed Combat
  1641 | D:4      | Reached XP level 4. HP: 45/45 MP: 3/3
  1694 | D:4      | Noticed Pikel
  1694 | D:4      | Noticed a lemure
  1694 | D:4      | Noticed a lemure
  1694 | D:4      | Noticed a lemure
  1697 | D:4      | Noticed a lemure
  1698 | D:4      | Killed a lemure
  1706 | D:4      | Killed Pikel
  1707 | D:4      | Reached skill level 6 in Unarmed Combat
  1707 | D:4      | Reached XP level 5. HP: 37/53 MP: 4/4
  1707 | D:4      | Reached XP level 6. HP: 42/61 MP: 5/5
  1707 | D:4      | Reached XP level 7. HP: 46/67 MP: 6/6
  1751 | D:4      | Noticed Duvessa
  1752 | D:4      | Noticed Dowan
  1758 | D:4      | Killed Duvessa
  1761 | D:4      | Killed Dowan
  1927 | D:4      | Reached skill level 7 in Unarmed Combat
  1976 | D:4      | Found an ornate altar of the Wu Jian Council.
  2005 | D:4      | Reached skill level 1 in Stealth
  2129 | D:4      | Reached XP level 8. HP: 63/75 MP: 7/7
  2148 | D:4      | Noticed Sigmund
  2154 | D:4      | Killed Sigmund
  2155 | D:4      | Reached skill level 8 in Unarmed Combat
  2244 | D:4      | Noticed Natasha
  2248 | D:4      | Killed Natasha
  2293 | D:4      | Noticed Natasha
  2298 | D:4      | Killed Natasha
  2413 | D:4      | Gained mutation: Your spells are a little easier to cast,
                  | but a little less powerful. [potion of mutation]
  2413 | D:4      | Lost mutation: Your spells are a little easier to cast, but
                  | a little less powerful. [potion of mutation]
  2413 | D:4      | Gained mutation: You have a pair of small antennae on your
                  | head. [potion of mutation]
  2573 | D:5      | Entered Level 5 of the Dungeon
  2923 | D:5      | Reached skill level 5 in Dodging
  2925 | D:5      | Reached skill level 9 in Unarmed Combat
  3048 | D:5      | Reached *** piety under Trog
  3711 | D:6      | Found Ylayq's General Store.
  3762 | D:6      | Found Ripnoh's Distillery.
  3770 | D:6      | Bought a potion of heal wounds for 70 gold pieces
  3807 | D:6      | Found Gidotif's Assorted Antiques.
  3874 | D:6      | Found Loixuroag's General Store.
  3881 | D:6      | Reached XP level 9. HP: 72/84 MP: 8/8
  4157 | D:6      | Found Jatomagh's Assorted Antiques.
  4277 | D:6      | Killed from afar by an acid dragon

Illustrated notes

Levels and vault maps discovered:
D:1:      sevenhm_arrival_forest_fort_small_6, layout_loops_corners,
          ebering_ecumenical_altar_hall
D:2:      layout_loops_ring, basic_altar, minmay_misc_feat_cross
D:3:      layout_basic, nemelex_diamond_rough_becter, lemuel_doored_altar,
          grunt_ministairs_15
D:4:      layout_loops_ring, mainiacjoe_overflow_six_doors_small, uniq_pikel,
          uniq_natasha, uniq_duvessa, uniq_sigmund
D:5:      layout_loops_corners
D:6:      kennysheep_big_flooded_room, layout_basic, makhleb_grotto_becter,
          serial_shops, nicolae_take_the_stairs, nicolae_shop_crystal,
          nicolae_inconvenience_store, nicolae_shop_hallway_plus,
          nicolae_shop_window_shopping, st_stairs_7, minmay_puff

Skill      XL: |  1  2  3  4  5  6  7  8 |
---------------+-------------------------+-----
Fighting       | 3 4 |  4.1
Dodging        | 3 4 5 |  5.2
Unarmed Combat | 4 6 7 9 |  9.9
Stealth        | 1 |  1.7

Action                   |  1- 3 |  4- 6 |  7- 9 || total
-------------------------+-------+-------+-------++-------
Melee: Unarmed           |    95 |    13 |   137 ||   245
       Punch             |     1 |       |     5 ||     6
Invok: Berserk           |       |     1 |       ||     1
       Trog's Hand       |       |       |     1 ||     1
  Use: Scroll            |     4 |       |     3 ||     7
       Potion            |       |       |     4 ||     4
 Stab: Sleeping          |     1 |       |     1 ||     2
Armor: Animal skin       |    42 |       |    23 ||    65
Dodge: Dodged            |    48 |     1 |    65 ||   114
